 Dungeon Crawl Stone Soup version 0.23.2-1-ga50397a6bc (webtiles) character file.

Game seed: 1274210141896922461

364 Foic the Magician (level 6, -5/32 HPs)
             Began as a Deep Elf Wizard on May 23, 2019.
             Was an Initiate of Sif Muna.
             Shot with an arrow by a centaur (8 damage)
             ... on level 5 of the Dungeon.
             The game lasted 00:22:07 (4901 turns).

Foic the Magician (Deep Elf Wizard)                 Turns: 4901, Time: 00:22:07

Health: -5/32      AC:  3    Str:  4    XL:     6   Next: 39%
Magic:  15/18      EV: 14    Int: 25    God:    Sif Muna [......]
Gold:   229        SH:  0    Dex: 13    Spells: 13/20 levels left

rFire    . . .     SeeInvis .   w - staff of wizardry
rCold    . . .     Gourm    .   (no shield)
rNeg     . . .     Faith    .   a - +0 robe
rPois    +         Spirit   .   b - +0 hat
rElec    .         Reflect  .   o - scarf {cloud immunity}
rCorr    .         Harm     .   (no gloves)
MR       .....                  u - +0 pair of boots
Stlth    ++........             (no amulet)
HPRegen  0.10/turn              g - ring of poison resistance
MPRegen  0.16/turn              (no ring)

@: no status effects
A: no striking features
a: Renounce Religion


You were on level 5 of the Dungeon.
You worshipped Sif Muna.
Sif Muna was noncommittal.
You were not hungry.

You visited 2 branches of the dungeon, and saw 6 of its levels.

You collected 229 gold pieces.

Inventory:

Hand Weapons
 l - a +2 dagger of venom
Missiles
 t - 37 arrows
Armour
 a - a +0 robe (worn)
 b - a +0 hat (worn)
 j - a cursed -1 leather armour
 o - a scarf of cloud immunity (worn)
 u - a +0 pair of boots (worn)
Magical Staves
 w - an uncursed staff of wizardry (weapon)
Jewellery
 g - a ring of poison resistance (left hand)
 p - an uncursed ring of flight
Wands
 v - a wand of iceblast (8)
Scrolls
 c - 6 scrolls of identify
 e - 2 scrolls of amnesia {unknown}
 f - 5 scrolls of teleportation {unknown}
 h - 3 scrolls of remove curse {unknown}
 n - a scroll of magic mapping {unknown}
 y - a scroll of immolation {unknown}
Potions
 i - 3 potions of lignification {unknown}
 k - 6 potions of flight {unknown}
 m - a potion of invisibility {unknown}
 q - a potion of degeneration {unknown}
 r - a potion of haste {unknown}
 s - a potion of curing {unknown}
Comestibles
 d - 8 rations


   Skills:
 * Level 3.9 Dodging
 + Level 3.2 Stealth
 * Level 7.9 Spellcasting
 + Level 2.2 Conjurations
 + Level 2.5 Summonings
 + Level 1.1 Translocations


You had 13 spell levels left.
You knew the following spells:

 Your Spells              Type           Power        Failure   Level  Hunger
a - Magic Dart            Conj           ###.         1%          1    None
b - Blink                 Tloc           N/A          2%          2    None
c - Call Imp              Summ           ###.....     1%          2    None
d - Slow                  Hex            #.......     4%          2    None

Your spell library contained the following spells:

 Spells                   Type           Power        Failure   Level  Hunger
 Conjure Flame            Conj/Fire      ###.....     4%          3    None
 Mephitic Cloud           Conj/Pois/Air  ##......     6%          3    None


Dungeon Overview and Level Annotations

Branches:
Dungeon (5/15)             Temple (1/1) D:4

Altars:
Ashenzari
Cheibriados
Dithmenos
Elyvilon
Fedhas
Gozag
Hepliaklqana
Kikubaaqudgha
Nemelex Xobeh
Okawaru
Qazlal
Ru
Sif Muna
Trog
Uskayaw
Vehumet
Wu Jian
Xom
Yredelemnul
Zin
The Shining One


Message History

Orders for allies: a - Attack new target. p - Attack previous target. r - Retreat! s - Stop attacking. g - Guard the area. f - Follow me.
Anything else - Cancel.
Gang up on whom?
Press: ? - help, Dir - move target cursor, f/p - crimson imp
Aim: a crimson imp Attack!
Your crimson imp hits the crimson imp but does no damage.
The crimson imp shouts, "Surrender, thou underdone rump-fed mammet!"
The centaur wields a +0 shortbow.
The centaur shoots an arrow.
The arrow hits you but does no damage.
Your crimson imp blinks!
The centaur shoots an arrow.
The arrow misses you.
You see here an arrow.
The centaur shoots an arrow.
The arrow hits you!
* * * LOW HITPOINT WARNING * * *
There is a stone staircase leading up, spattered with blood here.
The centaur shoots an arrow.
The arrow hits you!
You die...

#..# #.#..#.#.# #.#.######
##..#####c#..#.#.# #.........
...((..........#.#######.#.######
................................#
...........5.....................
###.#####.#...................##.
....# #.5..5...................
....# #.#..#(..######..#.#####.
....# ###.#..#..@# #..#.# ##
###.##...........######..#.######
#.#####.#..#.................##
#.#####.#..##.######...#.######
...............................
...................#.##.###
####.....#.######...#.##.# #
.........#.# #...####.###
........##.######...#.......


You could see a centaur, a crimson imp and a friendly crimson imp.

Vanquished Creatures
  An orc priest (D:4)
  An orc wizard (D:4)
  2 adders
  2 oozes (D:5)
  A dart slug (D:3)
  3 leopard geckos
  3 orcs
  7 bats
  5 giant cockroaches
  6 goblins
  3 hobgoblins
  5 jackals
  4 quokkas
  A ball python (D:3)
  A frilled lizard (D:2)
  9 kobolds
  7 rats
61 creatures vanquished.

Vanquished Creatures (collateral kills)
  A phantom (D:4)
  An ogre (D:4)
  A sky beast (D:5)
  A crimson imp (D:5)
  A hound (D:4)
  2 worker ants (D:4)
  An adder (D:4)
  A worm (D:2)
  An adder skeleton (D:4)
  A leopard gecko (D:5)
  8 orcs
  2 goblins (D:2)
  2 hobgoblins (D:2)
  A kobold (D:2)
  A ball python zombie (D:5)
  A frilled lizard (D:2)
  A rat (D:3)
27 creatures vanquished.

Grand Total: 88 creatures vanquished

Notes
Turn   | Place    | Note
-------+----------+-------------------------------------------
     0 | D:1      | Foic the Deep Elf Wizard began the quest for the Orb.
     0 | D:1      | Reached XP level 1. HP: 10/10 MP: 7/7
   450 | D:1      | Reached skill level 5 in Spellcasting
   450 | D:1      | Reached XP level 2. HP: 15/15 MP: 7/10
   454 | D:1      | Learned a level 2 spell: Blink
   457 | D:1      | Learned a level 2 spell: Call Imp
   460 | D:1      | Learned a level 2 spell: Slow
  1389 | D:2      | Reached XP level 3. HP: 15/19 MP: 2/11
  1521 | D:2      | Found an opulent altar of Gozag.
  1521 | D:2      | Found a shattered altar of Ashenzari.
  2133 | D:2      | Found an iron altar of Okawaru.
  2134 | D:2      | Found a bloodstained altar of Trog.
  2556 | D:3      | Reached XP level 4. HP: 24/24 MP: 7/13
  2775 | D:3      | Found a shadowy altar of Dithmenos.
  3154 | D:4      | Reached skill level 6 in Spellcasting
  3437 | D:4      | Reached XP level 5. HP: 16/28 MP: 6/16
  3610 | D:4      | Found a staircase to the Ecumenical Temple.
  3629 | Temple   | Entered the Ecumenical Temple
  3687 | Temple   | Became a worshipper of Sif Muna the Loreminder
  4015 | D:4      | Noticed an ogre
  4029 | D:4      | Killed an ogre
  4029 | D:4      | Reached skill level 7 in Spellcasting
  4197 | D:4      | Noticed a phantom
  4278 | D:4      | Killed a phantom
  4278 | D:4      | Reached XP level 6. HP: 28/32 MP: 2/18
  4404 | D:5      | Entered Level 5 of the Dungeon
  4630 | D:5      | Noticed a sky beast
  4639 | D:5      | Killed a sky beast
  4704 | D:5      | Found an ornate altar of the Wu Jian Council.
  4901 | D:5      | Shot with an arrow by a centaur

Skill      XL: |  1  2  3  4  5  6 |
---------------+-------------------+-----
Spellcasting   | 5 6 7 |  7.9
Conjurations   | 2 |  2.2
Dodging        | 3 |  3.9
Summonings     | 2 |  2.5
Stealth        | 3 |  3.2
Translocations | |  1.1

Action                   |  1- 3 |  4- 6 || total
-------------------------+-------+-------++-------
 Cast: Magic Dart        |   110 |    56 ||   166
       Call Imp          |    13 |    54 ||    67
  Use: Scroll            |     2 |     1 ||     3
  Eat: Chunk             |     5 |     7 ||    12
Armor: Robe              |     2 |     5 ||     7
Dodge: Dodged            |    15 |    19 ||    34
